TOP OF THE 1ST |
Kansas City Kings batting - Pitching for Nassau Rockets : LHP Rod Adams
|
Pitching: LHP Rod Adams
|
|
Batting: RHB Chris Chandler
|
0-0: Called Strike 0-1: Called Strike 0-2: Ground out 5-3 (Groundball, 56S)
|
Batting: RHB Toshimichi Kono
|
0-0: Ground out 5-3 (Groundball, 56)
|
Batting: RHB Dave Parker
|
0-0: Ball 1-0: Called Strike 1-1: Ball 2-1: Ground out 5-3 (Groundball, 56)
|
Top of the 1st over - 0 run(s), 0 hit(s), 0 error(s), 0 left on base; Kansas City 0 - Nassau 0 |
BOTTOM OF THE 1ST |
Nassau Rockets batting - Pitching for Kansas City Kings : RHP Mark Head
|
Pitching: RHP Mark Head
|
|
Batting: LHB Don Ramey
|
0-0: Ground out 4-3 (Groundball, 34)
|
Batting: RHB Salvador Borbón
|
0-0: Ball 1-0: Fly out, F8 (Flyball, 78S)
|
Batting: SHB Howard Parker
|
0-0: Ball 1-0: Foul Ball, location: 2F 1-1: Foul Ball, location: 2F 1-2: Foul Ball, location: 2F 1-2: Fly out, F4 (Line Drive, 4M)
|
Bottom of the 1st over - 0 run(s), 0 hit(s), 0 error(s), 0 left on base; Kansas City 0 - Nassau 0 |
TOP OF THE 2ND |
Kansas City Kings batting - Pitching for Nassau Rockets : LHP Rod Adams
|
Batting: LHB Stan Hickman
|
0-0: Ball 1-0: Swinging Strike 1-1: Ball 2-1: Foul Ball, location: 2F 2-2: Strikes out looking
|
Batting: SHB Douglas Taylor
|
0-0: Ball 1-0: Called Strike 1-1: Foul Ball, location: 2F 1-2: Strikes out swinging
|
Batting: LHB Brian Boone
|
0-0: Called Strike 0-1: Ball 1-1: Called Strike 1-2: Strikes out looking
|
Top of the 2nd over - 0 run(s), 0 hit(s), 0 error(s), 0 left on base; Kansas City 0 - Nassau 0 |
BOTTOM OF THE 2ND |
Nassau Rockets batting - Pitching for Kansas City Kings : RHP Mark Head
|
Batting: RHB Pete Harvey
|
0-0: Ball 1-0: Ball 2-0: Ball 3-0: Base on Balls
|
Batting: LHB Bob Martin
|
0-0: Ball 1-0: SINGLE (Groundball, 4S) (infield hit) Pete Harvey to second
|
Batting: LHB Doug Thompson
|
0-0: Ball 1-0: Called Strike 1-1: Ball 2-1: Ball 3-1: Foul Ball, location: 2F 3-2: Base on Balls Pete Harvey to third Bob Martin to second
|
Batting: LHB Wilson Allen
|
0-0: Swinging Strike 0-1: Fielders Choice at 2nd, 3-6 (Groundball, 34) Pete Harvey scores Bob Martin to third
|
Batting: LHB Shiro Ueno
|
0-0: Foul Ball, location: 2F 0-1: Ball 1-1: Foul Ball, location: 2F 1-2: Grounds into double play, 6-4-3 (Groundball, 6)
|
Bottom of the 2nd over - 1 run(s), 1 hit(s), 0 error(s), 1 left on base; Kansas City 0 - Nassau 1 |
TOP OF THE 3RD |
Kansas City Kings batting - Pitching for Nassau Rockets : LHP Rod Adams
|
Batting: SHB António De La Cruz
|
0-0: Ball 1-0: Ball 2-0: Ball 3-0: Base on Balls
|
Batting: RHB Oliver Lugo
|
0-0: Grounds into double play, 6-4-3 (Groundball, 56)
|
Batting: LHB Luis González
|
0-0: Foul Ball, location: 2F 0-1: Fly out, F8 (Flyball, 8LM)
|
Top of the 3rd over - 0 run(s), 0 hit(s), 0 error(s), 0 left on base; Kansas City 0 - Nassau 1 |
BOTTOM OF THE 3RD |
Nassau Rockets batting - Pitching for Kansas City Kings : RHP Mark Head
|
Batting: LHB Rafael Delgado
|
0-0: Ground out 6-3 (Groundball, 6)
|
Batting: LHB Don Ramey
|
0-0: Ball 1-0: Fly out, F7 (Flyball, 78M)
|
Batting: RHB Salvador Borbón
|
0-0: Ball 1-0: Foul Ball, location: 2F 1-1: Called Strike 1-2: Ground out 6-3 (Groundball, 6)
|
Bottom of the 3rd over - 0 run(s), 0 hit(s), 0 error(s), 0 left on base; Kansas City 0 - Nassau 1 |
TOP OF THE 4TH |
Kansas City Kings batting - Pitching for Nassau Rockets : LHP Rod Adams
|
Batting: RHB Chris Chandler
|
0-0: Called Strike 0-1: Called Strike 0-2: Ball 1-2: SINGLE (Line Drive, 8LS)
|
Batting: RHB Toshimichi Kono
|
0-0: Called Strike 0-1: Fly out, F8 (Flyball, 78XD)
|
Batting: RHB Dave Parker
|
0-0: Called Strike 0-1: Foul Ball, location: 2F 0-2: Foul Ball, location: 2F 0-2: Ground out 5-3 (Groundball, 56S) Chris Chandler to second
|
Batting: LHB Stan Hickman
|
0-0: Fly out, F7 (Flyball, 7S)
|
Top of the 4th over - 0 run(s), 1 hit(s), 0 error(s), 1 left on base; Kansas City 0 - Nassau 1 |
BOTTOM OF THE 4TH |
Nassau Rockets batting - Pitching for Kansas City Kings : RHP Mark Head
|
Batting: SHB Howard Parker
|
0-0: SINGLE (Groundball, 3D)
|
Batting: RHB Pete Harvey
|
0-0: Called Strike 0-1: Ball 1-1: Fly out, F8 (Flyball, 8LM)
|
Batting: LHB Bob Martin
|
0-0: Ball 1-0: Ball 2-0: SINGLE (Groundball, 4MD) Howard Parker to second Runner from 2nd tries for 3rd, SAFE, no throw
|
Batting: LHB Doug Thompson
|
0-0: Called Strike 0-1: Ball 1-1: Ball 2-1: Swinging Strike 2-2: Fly out, F7 (Flyball, 78S)
|
Batting: LHB Wilson Allen
|
0-0: Foul Ball, location: 2F 0-1: Foul Ball, location: 2F 0-2: Ball 1-2: SINGLE (Line Drive, 6M) Howard Parker scores Bob Martin to second
|
Batting: LHB Shiro Ueno
|
0-0: SINGLE (Flyball, 7LS) Bob Martin to third Wilson Allen to second Runner from 3rd tries for Home, SAFE, throw made home
|
Batting: LHB Rafael Delgado
|
0-0: Ball 1-0: Ball 2-0: Ground out U3 (Groundball, 23)
|
Bottom of the 4th over - 2 run(s), 4 hit(s), 0 error(s), 2 left on base; Kansas City 0 - Nassau 3 |
TOP OF THE 5TH |
Kansas City Kings batting - Pitching for Nassau Rockets : LHP Rod Adams
|
Batting: SHB Douglas Taylor
|
0-0: Called Strike 0-1: Called Strike 0-2: Ball 1-2: Foul Ball, location: 2F 1-2: Ball 2-2: Strikes out swinging
|
Batting: LHB Brian Boone
|
0-0: Ball 1-0: Called Strike 1-1: Fly out, F8 (Flyball, 8RM)
|
Batting: SHB António De La Cruz
|
0-0: Foul Ball, location: 2F 0-1: Ground out 6-3 (Groundball, 6)
|
Top of the 5th over - 0 run(s), 0 hit(s), 0 error(s), 0 left on base; Kansas City 0 - Nassau 3 |
BOTTOM OF THE 5TH |
Nassau Rockets batting - Pitching for Kansas City Kings : RHP Mark Head
|
Batting: LHB Don Ramey
|
0-0: Ball 1-0: Fly out, F7 (Flyball, 7S)
|
Batting: RHB Salvador Borbón
|
0-0: Ball 1-0: Fly out, F6 (Popup, 6D)
|
Batting: SHB Howard Parker
|
0-0: Called Strike 0-1: Foul Ball, location: 2F 0-2: Ground out 3-1 (Groundball, 2R)
|
Bottom of the 5th over - 0 run(s), 0 hit(s), 0 error(s), 0 left on base; Kansas City 0 - Nassau 3 |
TOP OF THE 6TH |
Kansas City Kings batting - Pitching for Nassau Rockets : LHP Rod Adams
|
Batting: RHB Oliver Lugo
|
0-0: Ball 1-0: Ball 2-0: Ball 3-0: Base on Balls
|
Batting: LHB Luis González
|
0-0: Called Strike 0-1: Foul Ball, location: 2F 0-2: Ball 1-2: Strikes out swinging
|
Batting: RHB Chris Chandler
|
0-0: Called Strike 0-1: Ball Wild Pitch! Oliver Lugo to second 1-1: Ball 2-1: Ball 3-1: Swinging Strike 3-2: Base on Balls
|
Batting: RHB Toshimichi Kono
|
0-0: Swinging Strike 0-1: Ball Oliver Lugo steals 3rd base Chris Chandler to second 1-1: Ball 2-1: SINGLE (Groundball, 56D) Oliver Lugo scores Chris Chandler to third Runner from 3rd tries for Home, SAFE, no throw
|
Batting: RHB Dave Parker
|
0-0: Foul Ball, location: 2F 0-1: Foul Ball, location: 2F 0-2: Foul Ball, location: 2F 0-2: Ball 1-2: Fly out, F9 (Flyball, 89M)
|
Batting: LHB Stan Hickman
|
0-0: Ball 1-0: Ball 2-0: Called Strike 2-1: Ground out 4-3 (Groundball, 34)
|
Top of the 6th over - 2 run(s), 1 hit(s), 0 error(s), 1 left on base; Kansas City 2 - Nassau 3 |
BOTTOM OF THE 6TH |
Nassau Rockets batting - Pitching for Kansas City Kings : RHP Mark Head
|
Batting: RHB Pete Harvey
|
0-0: Ball 1-0: Ball 2-0: Ball 3-0: Foul Ball, location: 2F 3-1: Ground out 5-3 (Groundball, 56S)
|
Batting: LHB Bob Martin
|
0-0: Ball 1-0: Foul Ball, location: 2F 1-1: Ball 2-1: SINGLE (Flyball, 89S)
|
Batting: LHB Doug Thompson
|
0-0: Swinging Strike 0-1: Foul Ball, location: 2F 0-2: Ball 1-2: Ball 2-2: SINGLE (Flyball, 8RS) Bob Martin to second Runner from 2nd tries for 3rd, OUT!
|
Batting: LHB Wilson Allen
|
0-0: Fly out, F1 (Popup, P)
|
Bottom of the 6th over - 0 run(s), 2 hit(s), 0 error(s), 1 left on base; Kansas City 2 - Nassau 3 |
TOP OF THE 7TH |
Kansas City Kings batting - Pitching for Nassau Rockets : LHP Rod Adams
|
Batting: SHB Douglas Taylor
|
0-0: Ball 1-0: Ball 2-0: Called Strike 2-1: Swinging Strike 2-2: Ball 3-2: Foul Ball, location: 2F 3-2: Fly out, F7 (Flyball, 78S)
|
Batting: LHB Brian Boone
|
0-0: Ball 1-0: Foul Ball, location: 2F 1-1: Ball 2-1: Called Strike 2-2: Ball 3-2: Strikes out looking
|
Batting: SHB António De La Cruz
|
0-0: Ball 1-0: Called Strike 1-1: Ball 2-1: Foul Ball, location: 2F 2-2: Ground out 6-3 (Groundball, 6S)
|
Top of the 7th over - 0 run(s), 0 hit(s), 0 error(s), 0 left on base; Kansas City 2 - Nassau 3 |
BOTTOM OF THE 7TH |
Nassau Rockets batting - Pitching for Kansas City Kings : RHP Mark Head
|
Batting: LHB Shiro Ueno
|
0-0: Called Strike 0-1: Fly out, F2 (Popup, 2R)
|
Batting: LHB Rafael Delgado
|
0-0: Called Strike 0-1: Called Strike 0-2: Ground out U3 (Groundball, 3)
|
Batting: LHB Don Ramey
|
0-0: Ball 1-0: SINGLE (Groundball, 4MD)
|
Pinch Hitting: SHB Edgardo Osorio
|
0-0: Ball 1-0: Ball 2-0: Ball 3-0: Base on Balls Don Ramey to second
|
Batting: SHB Howard Parker
|
0-0: Ball 1-0: Ball 2-0: Ball 3-0: Called Strike 3-1: Ground out U3 (Groundball, 23)
|
Bottom of the 7th over - 0 run(s), 1 hit(s), 0 error(s), 2 left on base; Kansas City 2 - Nassau 3 |
TOP OF THE 8TH |
Kansas City Kings batting - Pitching for Nassau Rockets : LHP Rod Adams
|
Pitching: RHP Luis Cortéz
|
|
Now in LF: Edgardo Osorio
|
|
Batting: RHB Oliver Lugo
|
0-0: Ball 1-0: Ball 2-0: Foul Ball, location: 2F 2-1: Foul Ball, location: 2F 2-2: Strikes out looking
|
Pitching: LHP Luis Valentín
|
|
Batting: LHB Luis González
|
0-0: Called Strike 0-1: Swinging Strike 0-2: Strikes out swinging
|
Pitching: RHP Juan Franco
|
|
Batting: RHB Chris Chandler
|
0-0: Ball 1-0: Called Strike 1-1: Foul Ball, location: 2F 1-2: Foul Ball, location: 2F 1-2: Foul Ball, location: 2F 1-2: Ball 2-2: Foul Ball, location: 2F 2-2: Ball 3-2: SINGLE (Flyball, 78S)
|
Batting: RHB Toshimichi Kono
|
0-0: Ball 1-0: Ground out 2-3 (Groundball, 2L)
|
Top of the 8th over - 0 run(s), 1 hit(s), 0 error(s), 1 left on base; Kansas City 2 - Nassau 3 |
BOTTOM OF THE 8TH |
Nassau Rockets batting - Pitching for Kansas City Kings : RHP Mark Head
|
Pitching: RHP Nick Parks
|
|
Batting: RHB Pete Harvey
|
0-0: Foul Ball, location: 2F 0-1: Ball 1-1: Ball 2-1: SINGLE (Groundball, 56D)
|
Pitching: LHP Ignacio Colón
|
|
Pinch Hitting: RHB Rubén Matos
|
0-0: Ball 1-0: Ball 2-0: Ball 3-0: Called Strike 3-1: Fly out, F4 (Popup, 4S)
|
Batting: LHB Doug Thompson
|
0-0: Foul Ball, location: 2F 0-1: Ball 1-1: Foul Ball, location: 2F 1-2: Ball 2-2: Fly out, F6 (Popup, 56D)
|
Batting: LHB Wilson Allen
|
0-0: Called Strike 0-1: Ground out 4-3 (Groundball, 34D)
|
Bottom of the 8th over - 0 run(s), 1 hit(s), 0 error(s), 1 left on base; Kansas City 2 - Nassau 3 |
TOP OF THE 9TH |
Kansas City Kings batting - Pitching for Nassau Rockets : RHP Juan Franco
|
Pitching: RHP Guan-cai Yong
|
|
Now at 3B: Juan Romero
|
|
Batting: RHB Dave Parker
|
0-0: Foul Ball, location: 2F 0-1: Swinging Strike 0-2: Strikes out looking
|
Batting: LHB Stan Hickman
|
0-0: Ball 1-0: Foul Ball, location: 2F 1-1: Ball 2-1: Ball 3-1: Base on Balls
|
Batting: SHB Douglas Taylor
|
0-0: Ball 1-0: Called Strike 1-1: Ball 2-1: Swinging Strike 2-2: Strikes out looking
|
Batting: LHB Brian Boone
|
0-0: Ball 1-0: Ball 2-0: Called Strike 2-1: Fielders Choice at 2nd, U4 (Groundball, 4M)
|
Top of the 9th over - 0 run(s), 0 hit(s), 0 error(s), 1 left on base; Kansas City 2 - Nassau 3 |
|